 Dungeon Crawl Stone Soup version 0.29-a0-878-g7b45a56547 (webtiles) character file.

Game seed: 17252208766617626209

42 xian the Trooper (level 3, 0/33 HPs)
             Began as a Draconian Fighter on July 20, 2022.
             Slain by Sigmund
             ... wielding a +0 scythe
              (6 damage)
             ... on level 2 of the Dungeon.
             The game lasted 00:02:56 (1370 turns).

xian the Trooper (Draconian Fighter)                Turns: 1370, Time: 00:02:57

Health: 0/33       AC:  5    Str: 20    XL:     3   Next: 33%
Magic:  3/3        EV: 12    Int:  8    God:
Gold:   16         SH:  0    Dex: 10    Spells: 2/2 levels left

rFire   . . .      SeeInvis .   a - +0 long sword
rCold   . . .      Faith    .   b - +0 buckler
rNeg    . . .      Spirit   .   (body armour unavailable)
rPois   .          Reflect  .   (helmet restricted)
rElec   .          Harm     .   (no cloak)
rCorr   .          Rampage  .   (no gloves)
Will    .....                   (no boots)
Stlth   +.........              (no amulet)
HPRegen 0.11/turn               (no ring)
MPRegen 0.08/turn               (no ring)

@: confused, mighty
A: AC +5, unfitting armour, cold-blooded
a: no special abilities


You were on level 2 of the Dungeon.
You visited 1 branch of the dungeon, and saw 2 of its levels.

You collected 81 gold pieces.
You spent 65 gold pieces at shops.

Inventory:

Hand Weapons
 a - a +0 long sword (weapon)
Missiles
 h - 4 poisoned darts (quivered)
Armour
 b - a +0 buckler (worn)
Scrolls
 d - 3 scrolls of identify
 f - a scroll of torment {unknown}
 g - a scroll of noise
Potions
 e - a potion of lignification
 i - a potion of cancellation {unknown}


   Skills:
 + Level 3.7 Fighting
 + Level 2.6 Long Blades
 + Level 3.0 Dodging
 + Level 3.3 Shields


You had 2 spell levels left.
You didn't know any spells.
Your spell library was empty.

Dungeon Overview and Level Annotations

Branches:
Dungeon (2/15)

Altars:

Shops:
D:1 ?

Annotations:
D:2 Sigmund


Innate Abilities, Weirdness & Mutations

Your plain brown scales are hard. (AC +5)
You cannot fit into any form of body armour.
You are cold-blooded and may be slowed by cold attacks.


Message History

The hobgoblin misses you.
You barely miss the hobgoblin.
The hobgoblin hits you but does no damage.
You barely miss the hobgoblin.
The hobgoblin hits you but does no damage.
You slash the hobgoblin!
You kill the hobgoblin!
Found a stone staircase leading down.
You now have 16 gold pieces (gained 6).
i - a viscous brown potion
Found a stone staircase leading up.
Sigmund the Dreaded comes into view.
He is wielding a +0 scythe.
Found a pair of gloves.
Sigmund shouts!
Sigmund casts a spell at you. You resist with significant effort.
You throw a poisoned dart.
The poisoned dart closely misses Sigmund.
Sigmund hits you from afar with a +0 scythe.
You throw a poisoned dart.
The poisoned dart completely misses Sigmund.
Sigmund mumbles some strange words.
Sigmund flickers and vanishes!
Deactivating autopickup; reactivate with Ctrl-A.
A puff of flame appears from out of thin air!
The puff of flame hits you! You block something's attack.
You hit something. Something hits you.
You feel very mighty all of a sudden. Something hits you.
You closely miss something. You tail-slap something. Something hits you.
You closely miss something. You block something's attack.
You slash something!
You hear some strange, mumbled words.
You are confused.
You miss something. Something hits you!
* * * LOW HITPOINT WARNING * * *
Something hits you.
You die...

......
###### ###
#.. ###
#.. (.
#######
#.. #.
#.....#
#..
#.##@....#
###
#..{.....#
####.....#
#.....#
#.....#
######
#.#####
#....#
#.#####
###.##.#
#.....#
#...##.#
####.##
#.####.#


There were no monsters in sight!

Vanquished Creatures
  A dart slug (D:1)
  5 endoplasms
  2 giant cockroaches (D:1)
  5 goblins (D:1)
  4 hobgoblins
  4 jackals (D:1)
  2 kobolds (D:1)
  A quokka (D:2)
  3 ball pythons (D:1)
  3 bats (D:1)
  2 rats (D:1)
32 creatures vanquished.

Notes
Turn   | Place    | Note
-------+----------+-------------------------------------------
     0 | D:1      | xian the Draconian Fighter began the quest for the Orb.
     0 | D:1      | Reached XP level 1. HP: 19/19 MP: 1/1
    90 | D:1      | Reached XP level 2. HP: 26/26 MP: 2/2
   596 | D:1      | Found a faded altar of an unknown god.
   638 | D:1      | Found Akei's Magic Scroll Emporium.
   665 | D:1      | Reached XP level 3. HP: 13/33 MP: 3/3
   891 | D:1      | Bought 2 scrolls of identify for 52 gold pieces
   891 | D:1      | Bought a scroll of noise for 13 gold pieces
  1354 | D:2      | Noticed Sigmund
  1370 | D:2      | Slain by Sigmund

Illustrated notes

Levels and vault maps discovered:
D:1:      mainiacjoe_arrival_reflecting_pool, layout_basic,
          basic_ecumenical_altar, serial_shops, nicolae_shop_waterfront
D:2:      layout_basic, serial_shops, shop, uniq_natasha, uniq_sigmund,
          uniq_terence

Skill      XL: |  1  2 |
---------------+-------+-----
Dodging        | 3 |  3.0
Fighting       | |  3.7
Long Blades    | |  2.6
Shields        | |  3.3

Action                   || total
-------------------------++-------
Melee: Long sword        ||    73
       Tailslap          ||     7
Throw: Dart              ||     2
  Use: Scroll            ||     1
       Potion            ||     1
Armor: Skin              ||    23
Dodge: Dodged            ||    44
Block: Buckler           ||    19

Table legend: (Time is in decaauts)
 A = Elapsed time spent in this place.
 B = Non-inter-level travel time spent in this place.
 C = Inter-level travel time spent in this place.
 D = Time resting spent in this place.
 E = Time spent auto-exploring this place.
 F = Levels seen in this place.
 G = Mean time per level.
                   A        B        C        D        E       F      G
               +--------+--------+--------+--------+--------+-----+--------+
         Total |   1397 |   1344 |     53 |      0 |   1050 |   2 |  698.5 |
       Dungeon |   1397 |   1344 |     53 |      0 |   1050 |   2 |  698.5 |
               +--------+--------+--------+--------+--------+-----+--------+

Top non-repeatable levels by time:
     D:1: 1247 daAuts
     D:2: 150 daAuts
